 Dungeon Crawl Stone Soup version 0.29-a0-270-g1586fc07ea (webtiles) character file.

Game seed: 13720968790333132198

501 croobank the Sneak (level 7, -1/46 HPs)
             Began as an Octopode Artificer on Mar 7, 2022.
             Slain by an orc
             ... wielding a +0 trident
              (4 damage)
             ... on level 3 of the Dungeon.
             The game lasted 00:13:13 (3670 turns).

croobank the Sneak (Octopode Artificer)             Turns: 3670, Time: 00:13:13

Health: -1/46      AC:  1    Str: 11    XL:     7   Next: 17%
Magic:  7/10       EV: 18    Int: 15    God:
Gold:   128        SH:  0    Dex: 13    Spells: 3/10 levels left

rFire   . . .      SeeInvis .   a - +7 scythe
rCold   + . .      Faith    .   (shield currently unavailable)
rNeg    + . .      Spirit   .   (helmet restricted)
rPois   .          Reflect  .   (no amulet)
rElec   .          Harm     .   m - ring "Teeth" {rC+ rN+ EV+4}
rCorr   .          Rampage  .   (no ring)
Will    .....                   (no ring)
Stlth   ++++......              (no ring)
HPRegen 0.15/turn               (no ring)
MPRegen 0.12/turn               (no ring)
                                (no ring)
                                (no ring)

@: mighty, attractive, hasted, very quick
A: almost no armour, amphibious, 8 rings, camouflage 1, gelatinous body 1,
(nimble swimmer 1), tentacles
a: no special abilities


You were on level 3 of the Dungeon.
You visited 1 branch of the dungeon, and saw 3 of its levels.
You also visited: Sewer.

You collected 128 gold pieces.

Inventory:

Hand Weapons
 a - a +7 scythe (weapon)
 e - a +0 short sword
 i - a +0 club
 p - a +0 flail
 t - a +1 dagger of draining
 y - a +2 quarterstaff of chaos
Missiles
 f - 32 stones
 k - 4 poisoned darts
Jewellery
 m - the ring "Teeth" (left tentacle) {rC+ rN+ EV+4}
   (You found it on level 2 of the Dungeon)

   [ring of evasion]

   EV:        It affects your evasion (+4).
   rC:        It protects you from cold.
   rN:        It protects you from negative energy.
Wands
 b - a wand of flame (15) (quivered)
 c - a wand of charming (15)
 d - a wand of iceblast (9)
 o - a wand of acid (7)
 x - a wand of polymorph (10)
Scrolls
 l - a scroll of noise
Potions
 g - a potion of flight
 q - a potion of haste
 s - a potion of brilliance {unknown}
 u - 2 potions of invisibility {unknown}
 v - a potion of berserk rage {unknown}
 w - a potion of mutation {unknown}
 z - a potion of heal wounds {unknown}


   Skills:
 + Level 3.3 Fighting
 * Level 0.7 Polearms
 + Level 4.0 Dodging
 + Level 4.8 Stealth
 + Level 2.1 Spellcasting
 + Level 2.2 Hexes
 - Level 4.0 Evocations


You had 3 spell levels left.
You knew the following spells:

 Your Spells              Type           Power      Damage    Failure   Level
a - Slow                  Hex            32%        N/A       9%          1
b - Confusing Touch       Hex            8%         N/A       26%         3
c - Call Canine Familiar  Summ           1%         N/A       54%         3

Your spell library contained the following spells:

 Spells                   Type           Power      Damage    Failure   Level
 Portal Projectile        Hex/Tloc       10%        N/A       38%         3
 Vampiric Draining        Necr           1%         2d6       54%         3
 Leda's Liquefaction      Hex/Erth       2%         N/A       80%         4


Dungeon Overview and Level Annotations

Branches:
Dungeon (3/15)              Sewer (visited)

Altars:
Uskayaw


Innate Abilities, Weirdness & Mutations

You cannot wear most types of armour.
You are amphibious.
You can wear up to eight rings at the same time.
Your skin changes colour to match your surroundings (Stealth+).
Your rubbery body absorbs attacks. (AC +1, EV +1)
((You are camouflaged when in or above water. (Stealth+)))
You have tentacles for arms and can constrict up to eight enemies at once.


Message History

Press: ? - help, Dir - move target You lose your grip on something.
As you read the scroll of blinking, it crumbles to dust.
Things that are here:
a +0 dagger; a goblin corpse
Okay, then.
Okay, then.
It was a potion of attraction.
You feel attractive to monsters.
You feel very mighty all of a sudden.
It was a potion of haste.
You feel yourself speed up.
It was a potion of magic.
Magic courses through your body.
Casting: Slow (safe; 9% risk of failure)
Confirm with . or Enter, or press ? or * to list all spells.
The spell is quite dangerous to miscast (26% risk of failure)!
Continue anyway? [Y]es or [N]o only, please.
The spell is quite dangerous to miscast (26% risk of failure)!
Continue anyway?
Your tentacles begin to glow red.
The orc priest is attracted toward you.
You closely miss the orc priest. Your grab misses the orc priest.
Your squeeze misses the orc priest.
The orc priest is lightly wounded.
The orc priest misses you.
You hit the orc priest but do no damage.
You grab the orc priest.
The orc priest is lightly wounded.
You constrict the orc priest. The orc priest hits you with a +0 mace.
* * * LOW HITPOINT WARNING * * *
The orc barely misses you. The orc priest completely misses you.
The orc barely misses you.
You release your grip on the orc priest.
The orc priest is attracted toward you. The orc is attracted toward you.
You hit the orc priest but do no damage.
The orc priest appears confused.
You grab the orc priest.
The orc priest is lightly wounded.
You constrict the orc priest. The orc barely misses you.
You barely miss the orc priest.
The orc priest is moderately wounded.
You constrict the orc priest. The orc priest misses you.
The orc hits you from afar with a +0 trident.
You die...

♣♣.♣♣ #.# #.#
♣♣.♣ #.# #.#
♣.♣♣ #.# #.#
♣♣.♣ ..# #.#
♣.♣♣ ### #.#
##[## #####.#
#...#
#####.....#
#...#
#..))..######
#)..#
#@oo))........
#####
#####§########
#.# #.# #.#
#.# #.# #o#
#§#


You could see an orc priest (confused) and an orc.

Vanquished Creatures
  Sigmund (D:3)
  4 jellies (Sewer)
  Crazy Yiuf (D:3)
  Robin (D:3)
  3 river rats
  6 adders
  2 dart slugs (D:1)
  3 orcs (D:3)
  11 ball pythons
  6 bats
  12 endoplasms
  7 giant cockroaches
  8 goblins
  8 hobgoblins
  3 jackals (D:2)
  4 kobolds
  3 quokkas
  5 frilled lizards
  9 rats
97 creatures vanquished.

Notes
Turn   | Place    | Note
-------+----------+-------------------------------------------
     0 | D:1      | croobank the Octopode Artificer began the quest for the
                  | Orb.
     0 | D:1      | Reached XP level 1. HP: 13/13 MP: 1/1
   147 | D:1      | Reached XP level 2. HP: 18/18 MP: 2/2
   337 | D:1      | Found a faded altar of an unknown god.
   357 | D:1      | Learned a level 1 spell: Slow
   760 | D:1      | Reached XP level 3. HP: 22/22 MP: 1/3
  1652 | D:2      | Reached XP level 4. HP: 29/29 MP: 0/4
  1663 | D:2      | Identified the ring "Teeth" {rC+ rN+ EV+4}
  2311 | D:3      | Found a glowing drain.
  2356 | Sewer    | Entered a sewer
  2428 | Sewer    | Reached XP level 5. HP: 31/34 MP: 4/6
  2457 | Sewer    | Reached skill level 1 in Spellcasting
  2598 | Sewer    | Reached skill level 1 in Hexes
  2747 | Sewer    | Found a viscous altar of Jiyva.
  2838 | Sewer    | Reached XP level 6. HP: 14/41 MP: 6/8
  3124 | D:3      | Noticed Sigmund
  3132 | D:2      | Learned a level 3 spell: Confusing Touch
  3145 | D:3      | Killed Sigmund
  3146 | D:3      | Reached XP level 7. HP: 24/46 MP: 3/10
  3367 | D:3      | Found a hide-covered altar of Uskayaw.
  3456 | D:3      | Learned a level 3 spell: Call Canine Familiar
  3485 | D:3      | Found a runed translucent door.
  3486 | D:3      | Noticed Crazy Yiuf
  3492 | D:3      | Killed Crazy Yiuf
  3550 | D:3      | Noticed Robin
  3563 | D:3      | Killed Robin
  3666 | D:3      | HP: 2/46 [orc priest/+0 mace (3)]
  3670 | D:3      | Slain by an orc

Illustrated notes

Levels and vault maps discovered:
D:1:      arrival_zaba_pyramid, layout_loops_ring,
          shapermc_ecumenical_altar_mp_vishouse
D:2:      layout_basic, lightli_corner_chamber
D:3:      layout_loops_ring, nicolae_overflow_crystal_walls,
          portal_sewer_entry_a, uniq_sigmund, uniq_robin,
          uniq_crazy_yiuf_cottage

Skill      XL: |  1  2  3  4  5  6  7 |
---------------+----------------------+-----
Stealth        | 2 3 4 |  4.8
Fighting       | 2 3 |  3.3
Dodging        | 3 4 |  4.0
Evocations     | 4 |  4.0
Spellcasting   | 1 2 |  2.1
Hexes          | 1 2 |  2.2
Polearms       | |  0.7

Action                   |  1- 3 |  4- 6 |  7- 9 || total
-------------------------+-------+-------+-------++-------
Melee: Club              |    21 |       |       ||    21
       Constrict         |    17 |    16 |    11 ||    44
       Tentacles         |    11 |    21 |     3 ||    35
       Short sword       |    18 |       |       ||    18
       Dagger            |    31 |    89 |       ||   120
       Punch             |       |     3 |     1 ||     4
       Scythe            |       |       |    28 ||    28
 Cast: Slow              |    21 |    29 |       ||    50
       Confusing Touch   |       |     1 |     1 ||     2
  Use: Scroll            |     2 |     3 |     2 ||     7
       Potion            |       |       |     5 ||     5
 Stab: Sleeping          |     8 |    11 |     4 ||    23
       Confused          |       |     1 |       ||     1
Armor: Skin              |     1 |       |     1 ||     2
Dodge: Dodged            |    56 |    45 |    32 ||   133

Table legend: (Time is in decaauts)
 A = Elapsed time spent in this place.
 B = Non-inter-level travel time spent in this place.
 C = Inter-level travel time spent in this place.
 D = Time resting spent in this place.
 E = Time spent auto-exploring this place.
 F = Levels seen in this place.
 G = Mean time per level.
                   A        B        C        D        E       F      G
               +--------+--------+--------+--------+--------+-----+--------+
         Total |   3700 |   3664 |     36 |    585 |   2298 |   4 |  925.0 |
       Dungeon |   2969 |   2933 |     36 |    356 |   1976 |   3 |  989.7 |
         Sewer |    730 |    730 |      0 |    229 |    322 |   1 |  730.0 |
               +--------+--------+--------+--------+--------+-----+--------+

Top non-repeatable levels by time:
     D:1: 1146 daAuts
     D:2: 1128 daAuts
   Sewer: 730 daAuts
     D:3: 694 daAuts
